 Dungeon Crawl Stone Soup version 0.16.1-11-g651b585 (webtiles) character file.

3222 jacksonaction the Basher (level 9, -4/79 HPs)
             Began as a Minotaur Fighter on Apr 7, 2015.
             Was a Believer of Okawaru.
             Killed by divine providence
             ... invoked by a daeva
              (16 damage)
             ... on level 1 of the Abyss.
             The game lasted 00:33:28 (7062 turns).

jacksonaction the Basher (Minotaur Fighter)         Turns: 7062, Time: 00:33:28

Health: -4/79      AC: 13    Str: 23    XL:     9   Next: 66%
Magic:  7/9        EV: 10    Int:  5    God:    Okawaru [**....]
Gold:   369        SH: 12    Dex: 11    Spells: 0 memorised, 8 levels left

rFire  . . .     SeeInvis .     C - +1 falchion (holy)
rCold  . . .     Clarity  .     M - +0 chain mail
rNeg   . . .     SustAb   .     c - +0 shield
rPois  .         Gourm    .     (helmet restricted)
rElec  .         Spirit   .     (no cloak)
rCorr  .         Warding  .     (no gloves)
rMut   .         Stasis   .     (no boots)
MR     .....                    (no amulet)
Stlth  ..........               (no ring)
                                (no ring)

@: heroism, glowing, not resistant to hostile enchantments, extremely unstealthy
A: retaliatory headbutt, horns 2
a: Heroism, Renounce Religion


You were on level 1 of the Abyss.
You worshipped Okawaru.
Okawaru was pleased with you.
You were not hungry.

You visited 2 branches of the dungeon, and saw 8 of its levels.
You visited the Abyss 1 time.
You also visited: Ossuary.

You collected 369 gold pieces.

Inventory:

Hand weapons
 A - a +0 hunting sling
 C - a +1 falchion of holy wrath (weapon)
 O - a +2 whip of distortion
 P - a +0 hand crossbow
 V - a cursed -2 shortbow
Missiles
 p - 41 bolts
 w - 11 arrows
 z - 22 poisoned needles
 E - 8 needles of sleeping
 I - 75 sling bullets
 N - 8 arrows of dispersal
Armour
 c - a +0 shield (worn)
 F - a +0 ring mail of fire resistance
 M - a +0 chain mail (worn)
Jewellery
 J - an uncursed ring of teleportation
Magical devices
 a - a wand of polymorph (8)
 D - a wand of flame (31)
Scrolls
 j - 2 scrolls of enchant weapon {unknown}
 l - 5 scrolls of teleportation
 m - 3 scrolls of fog {unknown}
 n - 2 scrolls of enchant armour {unknown}
 o - a scroll of amnesia {unknown}
 r - 2 scrolls of immolation {unknown}
 t - 3 scrolls of remove curse
 v - a scroll of recharging {unknown}
 y - 2 scrolls of identify {unknown}
 H - 7 scrolls of random uselessness {unknown}
 R - a scroll of fear {unknown}
Potions
 e - 4 potions of might
 f - 2 potions of berserk rage {unknown}
 g - 3 potions of flight {unknown}
 h - 4 potions of curing {unknown}
 k - a potion of magic {unknown}
 s - 4 potions of agility {unknown}
 x - a potion of degeneration {unknown}
 B - 5 potions of heal wounds {unknown}
 L - 2 potions of lignification {unknown}
 Q - 2 potions of haste {unknown}
 S - a potion of cancellation {unknown}
 T - 2 potions of restore abilities {unknown}
 U - 2 potions of mutation {unknown}
Books
 G - a book of Hinderance

   Spells                             Type                      Level
   a - Confusing Touch                Hexes                        2
   b - Confuse                        Hexes                        3
   c - Petrify                        Transmutation/Earth          4
   d - Metabolic Englaciation         Hexes/Ice                    5
   e - Gell's Gravitas                Hexes/Translocation          5
   f - Summon Mana Viper              Hexes/Summoning              5
 K - a Grand Grimoire {highlevel, unknown}

   This book is beyond your current level of understanding.

   Spells                             Type                      Level
   a - Aura of Abjuration             Summoning                    6
   b - Summon Greater Demon           Summoning                    7
   c - Malign Gateway                 Summoning/Translocation      7
   d - Summon Horrible Things         Summoning                    8
Comestibles
 b - a beef jerky
 d - 4 bread rations
 i - 3 meat rations
 q - a slice of pizza
 u - 2 fruits


   Skills:
 - Level 7.0(12.0) Fighting
 + Level 5.8(10.8) Long Blades
 - Level 9.6(14.6) Maces & Flails
 - Level 9.0(14.0) Armour
 - Level 6.0(11.0) Shields
 - Level 3.3 Invocations


You had 8 spell levels left.
You didn't know any spells.

Dungeon Overview and Level Annotations

Branches:
Dungeon (7/15)             Temple (1/1) D:5

Altars:
Ashenzari
Cheibriados
Dithmenos
Elyvilon
Fedhas
Gozag
Kikubaaqudgha
Makhleb
Nemelex Xobeh
Okawaru
Qazlal
Ru
Sif Muna
Trog
Vehumet
Xom
Yredelemnul
Zin
The Shining One

Shops:
D:4 %


Innate Abilities, Weirdness & Mutations

You reflexively headbutt those who attack you in melee.
You have a pair of horns on your head.


Message History

Okay, then.
You closely miss the daeva. You block the daeva's attack.
The daeva barely misses you. The daeva blocks your attack.
The daeva blocks your attack.
The daeva hits you with an eudemon blade of holy wrath! x2
Use which ability? (? or * to list)
You gain the combat prowess of a mighty hero.
You feel slightly more hungry.
The daeva hits you with an eudemon blade of holy wrath!
The daeva hits you with an eudemon blade of holy wrath.
You hit the daeva. You headbutt the daeva!
The daeva is lightly wounded.
The daeva hits you with an eudemon blade of holy wrath!
* * * LOW HITPOINT WARNING * * *
The daeva hits you with an eudemon blade of holy wrath!
* * * LOW HITPOINT WARNING * * *
The daeva calls down the wrath of the Shining One upon you.
Something smites you!
You die...

.# #..## . .. ###
## #...# #.# .#
.. #....
###.###.# ..
#..[.##.A#.#..# .
#A #.#.@..#. #
##.....#.#.##...#
#.#...#.......#
##.#.#...#.... #
.#.#. .#.....##
#. #...###....#
.#..#.#..### #
.##..# #.## .


You could see a daeva.

Vanquished Creatures
  A thrashing horror (Abyss:1)
  The ghost of weregild the Chiller, an experienced MfIE of Okawaru (Ossuary)
  A two-headed ogre (D:5)
  A wraith (Ossuary)
  Eustachio (D:4)
  2 small abominations (Abyss:1)
  2 phantoms
  A sky beast (D:5)
  An ogre (D:4)
  2 centaurs
  A giant frog (D:6)
  A scorpion (D:4)
  3 hounds
  3 crimson imps
  5 orc priests
  A giant frog zombie (D:5)
  A jelly (D:5)
  A centaur skeleton (D:7)
  2 giant frog skeletons (D:6)
  Natasha (thrice) (D:6)
  5 worker ants
  7 orc wizards
  Jessica (D:2)
  A hound zombie (D:5)
  A mummy (Ossuary)
  11 adders
  A worm (D:4)
  2 giant mites
  2 shadow imps
  An adder skeleton (D:4)
  2 giant geckos
  18 orcs
  12 bats
  A bat skeleton (D:4)
  5 giant cockroaches
  6 goblins
  8 hobgoblins
  4 jackals (D:1)
  3 oozes
  A quokka (D:7)
  2 ball pythons
  A giant gecko skeleton (D:5)
  8 giant newts
  8 gnoll skeletons (Ossuary)
  12 kobolds
  5 kobold skeletons (Ossuary)
  12 orc skeletons (Ossuary)
  A quokka skeleton (D:4)
  A quokka zombie (D:6)
  13 rats
  A rat zombie (D:6)
  A fungus (D:1)
191 creatures vanquished.

Vanquished Creatures (others)
  5 sheep (D:3)
5 creatures vanquished.

Grand Total: 196 creatures vanquished

Notes
Turn   | Place    | Note
--------------------------------------------------------------
     0 | D:1      | jacksonaction, the Minotaur Fighter, began the quest for the Orb.
     0 | D:1      | Reached XP level 1. HP: 19/19 MP: 1/1
   141 | D:1      | Reached XP level 2. HP: 21/26 MP: 1/1
   541 | D:1      | Reached skill level 4 in Maces & Flails
   741 | D:2      | Reached XP level 3. HP: 29/31 MP: 2/2
   833 | D:2      | Noticed Jessica
   854 | D:2      | Killed Jessica
   854 | D:2      | Reached skill level 5 in Maces & Flails
   881 | D:2      | Reached XP level 4. HP: 23/39 MP: 2/2
  1448 | D:3      | Found an ancient bone altar of Kikubaaqudgha.
  1624 | D:3      | Found a shimmering altar of Xom.
  1738 | D:3      | Reached skill level 6 in Maces & Flails
  1872 | D:3      | Reached XP level 5. HP: 23/45 MP: 2/2
  2081 | D:4      | Noticed a phantom
  2105 | D:4      | Killed a phantom
  2105 | D:4      | Reached skill level 5 in Armour
  2105 | D:4      | Reached skill level 5 in Shields
  2105 | D:4      | Reached XP level 6. HP: 30/51 MP: 3/3
  2207 | D:4      | Noticed an ogre
  2221 | D:4      | Killed an ogre
  2342 | D:4      | Found Mniaroem's Food Emporium.
  2414 | D:4      | Noticed Eustachio
  2433 | D:4      | Killed Eustachio
  2433 | D:4      | Reached XP level 7. HP: 48/63 MP: 3/3
  3391 | D:4      | Reached skill level 7 in Fighting
  3628 | D:5      | Entered Level 5 of the Dungeon
  3739 | D:5      | Found a staircase to the Ecumenical Temple.
  3759 | Temple   | Entered the Ecumenical Temple
  3777 | Temple   | Became a worshipper of Warmaster Okawaru
  3898 | D:5      | Noticed a two-headed ogre
  4318 | D:5      | Reached XP level 8. HP: 55/73 MP: 3/3
  4368 | D:5      | Killed a two-headed ogre
  4368 | D:5      | Acquired Okawaru's first power
  4368 | D:5      | Reached skill level 8 in Armour
  4687 | D:5      | Reached skill level 9 in Armour
  4795 | D:5      | Reached skill level 1 in Invocations
  4980 | D:6      | Noticed Natasha
  4984 | D:6      | Killed Natasha
  5109 | D:6      | Noticed Natasha
  5115 | D:6      | Killed Natasha
  5249 | D:6      | Found a sand-covered staircase.
  5264 | Ossuary  | Entered an ossuary
  5330 | Ossuary  | Noticed weregild's ghost (experienced MfIE)
  5350 | Ossuary  | Killed weregild's ghost
  5350 | Ossuary  | Reached XP level 9. HP: 42/79 MP: 7/9
  5659 | D:6      | Noticed Natasha
  5664 | D:6      | Killed Natasha
  5936 | D:7      | Found a glowing golden altar of the Shining One.
  6771 | D:7      | Cast into the Abyss (a distortion unwield)
  6802 | Abyss:1  | Noticed a thrashing horror
  6819 | Abyss:1  | Noticed a dire elephant skeleton
  6836 | Abyss:1  | Killed a thrashing horror
  6842 | Abyss:1  | Reached skill level 5 in Long Blades
  7051 | Abyss:1  | Noticed a daeva
  7062 | Abyss:1  | Killed from afar by a daeva

Action                   |  1- 3 |  4- 6 |  7- 9 || total
-------------------------+-------+-------+-------++-------
Melee: Flail             |    97 |   113 |   233 ||   443
       Falchion          |       |       |    96 ||    96
       Whip              |       |       |    60 ||    60
 Fire: Hunting sling     |       |       |     4 ||     4
Throw: Stone             |     3 |    19 |     7 ||    29
Invok: Heroism           |       |       |     3 ||     3
  Use: Scroll            |       |       |     3 ||     3
  Eat: Chunk             |       |     5 |    14 ||    19
       Royal jelly       |       |       |     1 ||     1
